 Dungeon Crawl Stone Soup version 0.27.0-1-g7a089689b8 (webtiles) character file.

Game seed: 8590863072975588881

16702 SnakkuSnakku7 the Severer (level 12, 0/60 HPs)
             Began as a Vine Stalker Berserker on Aug 11, 2021.
             Was a High Priest of Trog.
             Succumbed to an apocalypse crab's poison
             ... on level 2 of the Abyss.
             The game lasted 00:12:27 (8183 turns).

SnakkuSnakku7 the Severer (Vine Stalker Berserker)  Turns: 8183, Time: 00:12:27

Health: 0/60       AC: 11    Str: 24    XL:     12   Next: 40%
Magic:  4/13       EV:  7    Int:  7    God:    Trog [*****.]
Gold:   448        SH: 11    Dex: 15    Spells: 11/11 levels left

rFire    . . .     SeeInvis .   a - +0 hand axe (elec)
rCold    + . .     Faith    +   C - +0 kite shield
rNeg     + . .     Spirit   +   D - +2 chain mail {rN+}
rPois    .         Reflect  .   (no helmet)
rElec    .         Harm     .   (no cloak)
rCorr    .         Rampage  .   n - +0 pair of gloves
Will     +++..                  (no boots)
Stlth    ..........             w - amulet of faith
HPRegen  2.20/turn              b - ring of flight
MPRegen  0.13/turn              E - ring of protection from cold

@: mighty, lethally poisoned (0 -> -3), strong-willed, on berserk cooldown,
flying, very slightly contaminated, regenerating, slowed, invisible, very slow
A: fangs 3, regeneration 1, magic shield, antimagic bite, no potion heal 2
a: Renounce Religion, Berserk, Trog's Hand, Brothers in Arms


You were on level 2 of the Abyss.
You worshipped Trog.
Trog was extremely pleased with you.
You visited 1 branch of the dungeon, and saw 12 of its levels.
You visited the Abyss 1 time.

You collected 768 gold pieces.
You spent 320 gold pieces at shops.

Inventory:

Hand Weapons
 a - a +0 hand axe of electrocution (weapon)
 t - a +0 war axe
 u - a +0 battleaxe
 x - a +1 hand axe of venom
Missiles
 o - 3 throwing nets (quivered)
Armour
 n - a +0 pair of gloves (worn)
 C - a +0 kite shield (worn)
 D - a +2 chain mail of positive energy (worn)
Jewellery
 b - a ring of flight (left hand)
 s - a ring of ice
 w - an amulet of faith (around neck)
 E - a ring of protection from cold (right hand)
Wands
 g - a wand of mindburst (21)
 k - a wand of iceblast (8)
 m - a wand of flame (45)
Scrolls
 h - a scroll of amnesia {unknown}
 i - 3 scrolls of enchant weapon {unknown}
 l - a scroll of silence {unknown}
 p - a scroll of fog {unknown}
 q - 2 scrolls of noise {unknown}
 v - 3 scrolls of teleportation {unknown}
 y - a scroll of fear {unknown}
 z - 2 scrolls of identify
 A - a scroll of blinking {unknown}
 B - a scroll of immolation {unknown}
Potions
 c - a potion of cancellation
 d - 4 potions of resistance
 e - a potion of berserk rage {unknown}
 j - 5 potions of curing
 r - 3 potions of haste
Miscellaneous
 f - a lightning rod (4/4)
 F - a phial of floods


   Skills:
 - Level 5.0 Fighting
 + Level 15.5 Axes
 - Level 1.5 Armour
 - Level 1.5 Dodging
 + Level 7.3 Shields


You had 11 spell levels left.
You didn't know any spells.
Your spell library was empty.

Dungeon Overview and Level Annotations

Branches:
Dungeon (12/15)            Temple (0/1) D:4            Lair (0/6) D:8
    Orc (0/2) D:11

Altars:
Cheibriados
Dithmenos
Elyvilon
Fedhas
Nemelex Xobeh
Okawaru
Ru
Trog
Uskayaw
Wu Jian
Xom
Yredelemnul
The Shining One

Shops:
D:9 :![(

Annotations:
D:8 2 transporters


Innate Abilities, Weirdness & Mutations

You have razor-sharp teeth.
Your natural rate of healing is unusually fast.
When hurt, damage is shared between your health and your magic reserves.
Your bite disrupts and absorbs the magic of your enemies.
Potions cannot restore your health.


Message History

Unknown command.
A red film seems to cover your vision as you go berserk!
You feel yourself moving faster!
You feel mighty!
You feel sick.
A fire bat comes into view.
The apocalypse crab is engulfed in seething chaos.
The apocalypse crab bites you!
* * * LOW HITPOINT WARNING * * *
The apocalypse crab shocks you!
* * * LOW HITPOINT WARNING * * *
The apocalypse crab claws you.
* * * LOW HITPOINT WARNING * * *
You are lethally poisoned!
The apocalypse crab poisons you!
The fire bat moves out of view.
You hit the apocalypse crab.
You bite the apocalypse crab, but do no damage.
The apocalypse crab is heavily wounded.
* * * LOW HITPOINT WARNING * * *
You feel very sick.
A fire bat comes into view.
The apocalypse crab closely misses you. You block the apocalypse crab's attack.
The fire bat moves out of view.
You slash the apocalypse crab! You bite the apocalypse crab!
You kill the apocalypse crab!
Trog accepts your kill.
* * * LOW HITPOINT WARNING * * *
You feel very sick.
Unknown command.
* * * LOW HITPOINT WARNING * * *
You feel very sick.
You feel a strong urge to attack something.
* * * LOW HITPOINT WARNING * * *
You feel very sick.
Unknown command.
* * * LOW HITPOINT WARNING * * *
You feel very sick.
Unknown command.
You feel your anger nearly subside.
You are no longer berserk.
You are exhausted.
You feel yourself slow down.
You die...

≈≈≈≈≈≈# ≈≈≈≈≈≈..
# ≈≈b≈≈#.# . ≈
≈≈.b.. # . .
≈♣≈≈b..# .#.#
... . ≈≈ #..###.
..# # #...# . #.
≈≈≈ # #...# .#.
.#
≈≈b#.###..@####
# ..# #
#.....#b.#.#.
#.# ...#
#.....##.##... #
##.....###..# ##
#...#.##.##....#
. .. .....#...
...##..# #
.###.#..#...##
.# . . # ...#
..## # .. .
..#..)##. . .#..
# .


You could see 4 fire bats.

Vanquished Creatures
  Erolcha (D:9)
  Harold (D:11)
  A centaur warrior (D:8)
  2 two-headed ogres
  The ghost of Ravenswing17 the Slicer, a novice GnCK of Xom (D:8)
  Pikel (D:6)
  2 cyclopes
  The ghost of Sobieck the Cudgeller, a novice OgWr of Cheibriados (D:5)
  An apocalypse crab (Abyss:2)
  A smoke demon (Abyss:2)
  Joseph (D:9)
  2 trolls
  3 hornets
  Prince Ribbit (D:6)
  Sigmund (D:5)
  25 yaks
  A wraith (D:10)
  2 steam dragons
  3 acid dragons
  A water moccasin (D:8)
  4 sky beasts
  3 orc warriors
  A black bear (D:8)
  2 ice beasts (D:7)
  3 wolves (D:8)
  5 centaurs
  A phantom (D:5)
  3 bullfrogs
  A gnoll sergeant (D:9)
  Blork the orc (D:5)
  3 scorpions
  12 killer bees
  A water moccasin skeleton (D:4)
  A howler monkey (D:10)
  4 electric eels (D:8)
  13 wights
  A lava snake (D:8)
  6 hounds
  2 centaur zombies
  2 bullfrog skeletons
  6 orc priests
  A gnoll shaman (D:4)
  5 iguanas (D:5)
  10 orc wizards
  A killer bee zombie (D:7)
  8 gnolls
  5 adders
  A shadow imp (D:8)
  2 white imps
  4 worms
  5 dart slugs
  37 orcs
  6 endoplasms
  A giant cockroach (D:3)
  6 goblins
  5 hobgoblins
  6 jackals
  3 quokkas (D:1)
  5 ball pythons
  5 bats
  2 frilled lizards
  8 kobolds
  6 rats
259 creatures vanquished.

Vanquished Creatures (others)
  A butterfly (D:8)
1 creature vanquished.

Grand Total: 260 creatures vanquished

Notes
Turn   | Place    | Note
-------+----------+-------------------------------------------
     0 | D:1      | SnakkuSnakku7 the Vine Stalker Berserker began the quest
                  | for the Orb.
     0 | D:1      | Reached XP level 1. HP: 11/11 MP: 2/2
    69 | D:1      | Found a faded altar of an unknown god.
   133 | D:1      | Reached skill level 3 in Axes
   133 | D:1      | Reached XP level 2. HP: 16/16 MP: 3/3
   808 | D:1      | Reached XP level 3. HP: 16/20 MP: 2/4
  1770 | D:3      | Gained mutation: Your natural rate of healing is unusually
                  | fast. [Vine Stalker growth]
  1770 | D:3      | Reached XP level 4. HP: 25/25 MP: 3/5
  1771 | D:3      | Reached ** piety under Trog
  2125 | D:3      | Found an ornate altar of the Wu Jian Council.
  2132 | D:3      | Found a hide-covered altar of Uskayaw.
  2281 | D:4      | Reached skill level 4 in Axes
  2299 | D:4      | Found a bloodstained altar of Trog.
  2334 | D:3      | Reached XP level 5. HP: 23/29 MP: 6/6
  2460 | D:4      | Found a staircase to the Ecumenical Temple.
  2505 | D:4      | Reached XP level 6. HP: 31/34 MP: 7/7
  2665 | D:4      | Reached *** piety under Trog
  2766 | D:4      | Noticed a steam dragon
  2774 | D:4      | Killed a steam dragon
  2775 | D:4      | Reached skill level 5 in Fighting
  2775 | D:4      | Reached skill level 5 in Axes
  2823 | D:4      | Reached XP level 7. HP: 35/39 MP: 8/8
  3041 | D:5      | Entered Level 5 of the Dungeon
  3043 | D:5      | Found a sparkling altar of Nemelex Xobeh.
  3081 | D:5      | Reached skill level 6 in Axes
  3301 | D:5      | Noticed a hornet
  3306 | D:5      | Killed a hornet
  3307 | D:5      | Reached skill level 7 in Axes
  3338 | D:5      | Gained mutation: You have razor-sharp teeth. [Vine Stalker
                  | growth]
  3338 | D:5      | Reached XP level 8. HP: 38/43 MP: 5/9
  3374 | D:5      | Identified the +8 quarterstaff of Umamodd {flame, rC++
                  | Will+ Dex-5}
  3500 | D:5      | Found a runed translucent gate.
  3576 | D:5      | Noticed Blork the orc
  3587 | D:5      | Killed Blork the orc
  3588 | D:5      | Reached skill level 8 in Axes
  3615 | D:5      | Found a runed translucent gate.
  3615 | D:5      | Found a runed translucent gate.
  3616 | D:5      | Noticed Sobieck's ghost (novice OgWr)
  3682 | D:5      | Noticed Sigmund
  3689 | D:5      | Killed Sigmund
  3926 | D:5      | Reached skill level 9 in Axes
  3928 | D:5      | Killed Sobieck's ghost
  3929 | D:5      | Reached XP level 9. HP: 41/47 MP: 10/10
  3966 | D:6      | Found a shadowy altar of Dithmenos.
  4070 | D:6      | Noticed Prince Ribbit
  4076 | D:6      | Killed Prince Ribbit
  4076 | D:6      | Reached **** piety under Trog
  4077 | D:6      | Reached skill level 10 in Axes
  4095 | D:6      | Noticed Pikel
  4101 | D:6      | Killed Pikel
  4310 | D:6      | Noticed a two-headed ogre
  4313 | D:6      | Killed a two-headed ogre
  4314 | D:6      | Reached skill level 11 in Axes
  4695 | D:7      | Reached XP level 10. HP: 48/51 MP: 11/11
  4738 | D:7      | Reached skill level 12 in Axes
  4803 | D:7      | Found a shimmering altar of Xom.
  5071 | D:7      | Reached skill level 1 in Shields
  5196 | D:7      | Found a glowing golden altar of the Shining One.
  5224 | D:7      | Found an iron altar of Okawaru.
  5474 | D:8      | Reached ***** piety under Trog
  5518 | D:8      | Found a staircase to the Lair.
  5596 | D:8      | Found a basalt altar of Yredelemnul.
  5610 | D:8      | Found a snail-covered altar of Cheibriados.
  5610 | D:8      | Noticed a skeletal warrior
  5610 | D:8      | Noticed a cyclops
  5611 | D:8      | Found a sacrificial altar of Ru.
  5612 | D:8      | Found a blossoming altar of Fedhas.
  5613 | D:8      | Found a transporter.
  5613 | D:8      | Noticed a two-headed ogre
  5615 | D:8      | Noticed a two-headed ogre
  5621 | D:8      | Found a transporter.
  5632 | D:8      | Noticed a centaur warrior
  5634 | D:8      | Noticed Ravenswing17's ghost (novice GnCK)
  5641 | D:8      | Found a runed translucent gate.
  5641 | D:8      | Found a runed translucent gate.
  5641 | D:8      | Found a runed translucent gate.
  5746 | D:8      | Found a white marble altar of Elyvilon.
  5985 | D:8      | Reached skill level 13 in Axes
  6363 | D:8      | Killed Ravenswing17's ghost
  6364 | D:8      | Reached XP level 11. HP: 55/55 MP: 12/12
  6369 | D:8      | Killed a centaur warrior
  6425 | D:9      | Noticed Erolcha
  6431 | D:9      | Killed Erolcha
  6432 | D:9      | Reached skill level 14 in Axes
  6594 | D:9      | Noticed Joseph
  6613 | D:9      | Killed Joseph
  6699 | D:9      | Found Gyaraas's Armour Boutique.
  6704 | D:9      | Found Plog's Weapon Boutique.
  6706 | D:9      | Found Zezuilav's Book Boutique.
  6707 | D:9      | Found Hashul's Distillery.
  6742 | D:9      | Bought a potion of haste for 160 gold pieces
  6742 | D:9      | Bought a potion of haste for 160 gold pieces
  6918 | D:9      | Received a gift from Trog
  6991 | D:9      | Reached skill level 5 in Shields
  7248 | D:10     | Entered Level 10 of the Dungeon
  7296 | D:10     | Reached skill level 15 in Axes
  7504 | D:10     | Reached XP level 12. HP: 60/60 MP: 13/13
  7836 | D:11     | You are sucked into a shaft and drop 1 floor!
  7888 | D:11     | Found a staircase to the Orcish Mines.
  8065 | D:11     | Noticed Harold
  8065 | D:11     | Noticed a two-headed ogre
  8079 | D:11     | Killed Harold
  8083 | D:11     | Killed a two-headed ogre
  8084 | D:11     | Cast into level 2 of the Abyss (a wizard)
  8182 | Abyss:2  | HP: 3/90 [poisoned by an apocalypse crab]
  8183 | Abyss:2  | Succumbed to an apocalypse crab's poison

Illustrated notes

Levels and vault maps discovered:
D:1:      lemuel_arrival_behind_the_door_small, layout_loops_ring,
          basic_ecumenical_altar, columned_hall_lemuel
D:2:      layout_basic, kennysheep_small_spiral
D:3:      layout_rooms, amethyst_overflow_temple_binary
D:4:      layout_loops_cross, bloody_trog, minmay_temple_entry_junction
D:5:      layout_loops_cross, nemelex_xobeh_ov_fountains_minmay,
          gammafunk_ghost_split, uniq_blork_the_orc, uniq_sigmund
D:6:      layout_loops_ring, nicolae_dithmenos_shadow_blocks,
          grunt_decor_junction, uniq_prince_ribbit1, uniq_pikel
D:7:      layout_loops_ring, mainiacjoe_overflow_alcove_2,
          nicolae_overflow_crystal_walls, kennysheep_mini
D:8:      layout_basic, lemuel_doored_altar, nicolae_elyvilon_peaceful_grove,
          gammafunk_temple_overflow_arena, erik_lair_island,
          gammafunk_ghost_split, kennysheep_donut
D:9:      layout_basic, minmay_shop_grid_forest, roderic_lattice_a, uniq_joseph,
          uniq_erolcha
D:10:     layout_roguey
D:11:     layout_basic, orc_0_dummy, uniq_harold, uniq_sonja
D:12:     giant_chief_lemuel, layout_basic, chequers_hall_statues_wall_a
Abyss:2:  base:
D:10

Skill      XL: |  1  2  3  4  5  6  7  8  9 10 11 12 |
---------------+-------------------------------------+-----
Fighting       | 3 4 5 |  5.0
Axes           | 3 4 5 7 9 11 13 15 | 15.5
Shields        | 4 5 7 |  7.3
Armour         | |  1.5
Dodging        | |  1.5

Action                   |  1- 3 |  4- 6 |  7- 9 | 10-12 || total
-------------------------+-------+-------+-------+-------++-------
Melee: Hand axe          |    87 |   128 |   126 |   433 ||   774
       Bite              |    16 |    44 |    47 |   161 ||   268
       War axe           |       |       |    15 |       ||    15
Throw: Throwing net      |       |       |       |     1 ||     1
Invok: Berserk           |     2 |     3 |     7 |    10 ||    22
       Trog's Hand       |       |       |       |     4 ||     4
Evoke: Wand              |       |       |     1 |     7 ||     8
  Use: Scroll            |       |       |       |     7 ||     7
 Stab: Sleeping          |     1 |       |       |       ||     1
Armor: Animal skin       |     3 |       |       |       ||     3
       Ring mail         |    16 |    35 |    33 |       ||    84
       Chain mail        |       |       |     1 |   114 ||   115
Dodge: Dodged            |    57 |    70 |    67 |    97 ||   291
Block: Buckler           |       |       |       |    40 ||    40
       Kite shield       |       |       |       |    42 ||    42
